 Dungeon Crawl Stone Soup version 0.30.0-12-gd5a94ecb5d (webtiles) character file.

Game seed: 2493663185834164425

122 CaptainMV the Magician (level 4, 0/32 HPs)
             Began as a Demonspawn Wanderer on May 17, 2023.
             Killed from afar by an orc wizard (3 damage)
             ... with a puff of flame
             ... on level 3 of the Dungeon.
             The game lasted 00:13:58 (1661 turns).

CaptainMV the Magician (Demonspawn Wanderer)        Turns: 1661, Time: 00:13:59

Health: 0/32       AC:  4    Str: 11    XL:     4   Next: 78%
Magic:  1/10       EV: 12    Int: 15    God:
Gold:   105        SH:  0    Dex: 14    Spells: 11/12 levels left

rFire   . . .        a - +2 dagger (speed)
rCold   . . .        (no shield)
rNeg    . . .        e - +0 robe
rPois   .            (no helmet)
rElec   .            i - +0 cloak
rCorr   .            c - +0 pair of gloves
SInv    .            (no boots)
Will    .....        (no amulet)
Stlth   ++           j - ring of flight
HPRegen 0.25/turn    (no ring)
MPRegen 0.12/turn

%: no passive effects
@: flying
A: demonic touch 2
a: no special abilities


You were on level 3 of the Dungeon.
You visited 1 branch of the dungeon, and saw 3 of its levels.

You collected 105 gold pieces.

Inventory:

Hand Weapons
 a - a +2 dagger of speed (weapon)
Missiles
 b - 2 curare-tipped darts (quivered)
 d - 7 poisoned darts
Armour
 c - a +0 pair of gloves (worn)
 e - a +0 robe (worn)
 i - a +0 cloak (worn)
Jewellery
 j - a ring of flight (left hand)
Scrolls
 l - a scroll of noise
 m - a scroll of fear {unknown}
Potions
 g - a potion of degeneration {unknown}
 h - a potion of flight {unknown}
 k - a potion of curing {unknown}


   Skills:
 + Level 1.5 Fighting
 + Level 0.8 Short Blades
 + Level 3.9 Throwing
 + Level 1.5 Dodging
 + Level 1.3 Stealth
 + Level 4.6 Spellcasting
 + Level 1.0 Conjurations
 + Level 0.9 Air Magic


You had 11 spell levels left.
You knew the following spells:

 Your Spells              Type           Power      Damage    Failure   Level
a - Shock                 Conj/Air       24%        1d4       12%         1

Your spell library contained the following spells:

 Spells                   Type           Power      Damage    Failure   Level
 Static Discharge         Conj/Air       12%        2-3/arc   17%         2
 Passwall                 Tmut/Erth      2%         N/A       26%         2
 Wereblood                Tmut           3%         N/A       26%         2
 Swiftness                Air            6%         N/A       34%         3
 Airstrike                Air            3%         2d(1-17)  75%         4
 Summon Lightning Spire   Summ/Air       4%         N/A       80%         4


Dungeon Overview and Level Annotations

Branches:
Dungeon (3/15)

Altars:


Innate Abilities, Weirdness & Mutations

Your touch may inflict irresistible damage on your foes.


Message History

Press: ? - help, Shift-Dir - straight line, f/p - orc
Aim: an orc, wielding a +0 club and wearing a +0 chain mail (moderately wounded, 74% to hit)
The zap hits the orc.
The orc is heavily wounded.
The orc hits you but does no damage. The orc wizard barely misses you.
Casting: Shock (safe; 12% risk of failure)
Confirm with . or Enter, or press ? or * to list all spells.
Aiming: Shock (safe; 12% risk of failure)
Press: ? - help, Shift-Dir - straight line, f/p - orc
Aim: an orc, wielding a +0 club and wearing a +0 chain mail (heavily wounded, 74% to hit)
The zap hits the orc but does no damage.
The orc is heavily wounded.
The orc hits you with a +0 club.
* * * LOW HITPOINT WARNING * * *
The orc wizard hits you with a +0 dagger.
* * * LOW HITPOINT WARNING * * *
You hit the orc but do no damage.
The orc is heavily wounded.
The orc wizard casts a spell.
The orc wizard flickers and vanishes!
Deactivating autopickup; reactivate with Ctrl-A.
The orc barely misses you.
You hit the orc but do no damage. Your touch misses the orc.
The orc is heavily wounded.
You hit the orc. Your touch misses the orc.
The orc is almost dead.
The orc hits you but does no damage. Something hits you.
* * * LOW HITPOINT WARNING * * *
You hit the orc but do no damage.
The orc is almost dead.
Something hits you.
* * * LOW HITPOINT WARNING * * *
The orc hits you but does no damage.
You hit the orc but do no damage.
You touch the orc.
You kill the orc!
You miss something.
You hear some strange, mumbled words.
A puff of flame appears from out of thin air!
The puff of flame hits you.
You die...

####.†.## ##.#.##.# ##.##
##....).#
#.###########..#.####
#.##.......##....#
#.##..<...###'''###
#.##.....##⌠.....⌠##
##.##...>##.....§.§.#
##...#...##.{)..§§....#
####..#.#..##.)@≈≈≈§≈§≈...#
..........##...≈§≈≈§§§≈≈...
#.###.###.##..)≈≈≈≈###≈≈≈§..
#. #. #.#⌠..≈≈≈≈## #≈≈§≈. #.
#.###.#...≈≈≈## #≈≈≈. #.
#.....#...§≈## #§§ #.
#####.#...≈≈ #. #.#...≈≈ ###
#.#######.# #..


There were no monsters in sight!

Vanquished Creatures
  2 orc wizards (D:3)
  2 dart slugs
  4 orcs (D:3)
  8 ball pythons
  3 bats
  3 endoplasms
  2 giant cockroaches
  6 goblins
  2 hobgoblins
  5 jackals (D:2)
  3 kobolds
  A quokka (D:2)
  A frilled lizard (D:1)
  4 rats
46 creatures vanquished.

Vanquished Creatures (others)
  An orc wizard (D:3)
1 creature vanquished.

Grand Total: 47 creatures vanquished

Notes
Turn   | Place    | Note
-------+----------+-------------------------------------------
     0 | D:1      | CaptainMV the Demonspawn Wanderer began the quest for the
                  | Orb.
     0 | D:1      | CaptainMV set off with the following items: a +2 dagger, 2
                  | curare-tipped darts, a +0 pair of gloves, a potion of
                  | attraction, a +0 robe; and the following spells available
                  | to memorise: Passwall, Wereblood.
     0 | D:1      | Reached XP level 1. HP: 15/15 MP: 5/5
   193 | D:1      | Learned a level 1 spell: Shock
   213 | D:1      | Gained mutation: Your touch may inflict minor irresistible
                  | damage on your foes. [demonic ancestry]
   213 | D:1      | Reached XP level 2. HP: 21/21 MP: 1/7
   726 | D:2      | Gained mutation: Your touch may inflict irresistible damage
                  | on your foes. [demonic ancestry]
   726 | D:2      | Reached XP level 3. HP: 26/26 MP: 5/8
  1350 | D:3      | Reached skill level 1 in Stealth
  1356 | D:3      | Reached XP level 4. HP: 20/32 MP: 0/10
  1647 | D:3      | Reached skill level 1 in Conjurations
  1661 | D:3      | Killed from afar by an orc wizard

Illustrated notes

Levels and vault maps discovered:
D:1:      scummos_arrival_hexagon, layout_rooms, st_stairs_1
D:2:      layout_basic
D:3:      layout_loops_cross, kennysheep_donut

Skill      XL: |  1  2  3  4 |
---------------+-------------+-----
Stealth        | 1 |  1.3
Conjurations   | 1 |  1.0
Fighting       | |  1.5
Short Blades   | |  0.8
Throwing       | |  3.9
Dodging        | |  1.5
Spellcasting   | |  4.6
Air Magic      | |  0.9

Action                     |  1- 3 |  4- 6 || total
---------------------------+-------+-------++-------
  Melee: Dagger            |    72 |    32 ||   104
         Touch             |    11 |     3 ||    14
   Cast: Shock             |    22 |    20 ||    42
    Use: Scroll            |     8 |       ||     8
         Potion            |     1 |     1 ||     2
   Stab: Sleeping          |     2 |       ||     2
 Armour: Robe              |     9 |    19 ||    28
  Dodge: Dodged            |    39 |    21 ||    60
